MLB
CINCINNATI REDS @ PITTSBURGH PIRATES
06/15/2048
 
TOP OF THE 1ST
Cincinnati Reds batting - Pitching for Pittsburgh Pirates : LHP Felix Bernal
Pitching: LHP Felix Bernal
Batting: SHB Tony Prado 0-0: Called Strike
0-1: Swinging Strike
0-2: Strikes out swinging
Batting: RHB Joseph Kirchmann 0-0: Ball
1-0: Called Strike
1-1: Ball
2-1: Foul Ball, location: 2F
2-2: Ball
3-2: Fly out, F8 (Flyball, 8RD, EV 99.4 MPH)
Batting: RHB Steve Castleberry 0-0: Hit by Pitch
Batting: LHB Chris Grunwald 0-0: Ball
1-0: Ball
2-0: Called Strike
2-1: Foul Ball, location: 2F
2-2: Ball
3-2: Foul Ball, location: 2F
3-2: Base on Balls
Steve Castleberry to second
Batting: SHB Dave Barefoot 0-0: Swinging Strike
0-1: Swinging Strike
0-2: Strikes out looking
Top of the 1st over - 0 runs, 0 hits, 0 errors, 2 left on base; Cincinnati 0 - Pittsburgh 0
BOTTOM OF THE 1ST
Pittsburgh Pirates batting - Pitching for Cincinnati Reds : RHP André Gaillard
Pitching: RHP André Gaillard
Batting: RHB Chiel Palstermans 0-0: Called Strike
0-1: Foul Ball, location: 2F
0-2: Ball
1-2: Ball
2-2: Fly out, F4 (Popup, 4S, EV 86.2 MPH)
Batting: RHB David Contreras 0-0: Ball
1-0: Foul Ball, location: 2F
1-1: Foul Ball, location: 2F
1-2: SINGLE (Groundball, 34D, EV 107.5 MPH)
Batting: RHB Jorge Severiano 0-0: Ball
1-0: Foul Ball, location: 2F
1-1: Ball
2-1: Called Strike
2-2: Ball
3-2: SINGLE (Line Drive, 8RS, EV 108.1 MPH)
David Contreras to second
Batting: SHB Marvin McAleer 0-0: Called Strike
0-1: Swinging Strike
0-2: Ball
1-2: Ball
2-2: Strikes out swinging
Batting: LHB Micah Boshnjaku 0-0: Called Strike
0-1: Called Strike
0-2: Strikes out swinging
Bottom of the 1st over - 0 runs, 2 hits, 0 errors, 2 left on base; Cincinnati 0 - Pittsburgh 0
TOP OF THE 2ND
Cincinnati Reds batting - Pitching for Pittsburgh Pirates : LHP Felix Bernal
Batting: RHB Omar Quintana 0-0: SOLO HOME RUN (Flyball, 89XD, EV 106.9 MPH), Distance : 420 ft
Batting: LHB Jon Ledesma 0-0: Ball
1-0: Called Strike
1-1: Foul Ball, location: 2F
1-2: Strikes out swinging
Batting: LHB Antonio Figueroa 0-0: Foul Ball, location: 2F
0-1: Ball
1-1: Called Strike
1-2: Fly out, F7 (Flyball, 78M, EV 88.1 MPH)
Batting: RHB Takanibu Kaneshiro 0-0: Called Strike
0-1: Ball
1-1: Ball
2-1: Foul Ball, location: 2F
2-2: Strikes out swinging
Top of the 2nd over - 1 run, 1 hit, 0 errors, 0 left on base; Cincinnati 1 - Pittsburgh 0
BOTTOM OF THE 2ND
Pittsburgh Pirates batting - Pitching for Cincinnati Reds : RHP André Gaillard
Batting: SHB Jack Andrews 0-0: Ball
1-0: Swinging Strike
1-1: Ground out 3-1 (Groundball, 34S, EV 91.9 MPH)
Batting: LHB Xavier Pittman 0-0: Foul Ball, location: 2F
0-1: Ball
1-1: Ground out U3 (Groundball, 3S, EV 85.6 MPH)
Batting: RHB Andrew Robinson 0-0: Ball
1-0: Called Strike
1-1: Foul Ball, location: 2F
1-2: Strikes out swinging
Bottom of the 2nd over - 0 runs, 0 hits, 0 errors, 0 left on base; Cincinnati 1 - Pittsburgh 0
TOP OF THE 3RD
Cincinnati Reds batting - Pitching for Pittsburgh Pirates : LHP Felix Bernal
Batting: SHB Tony Prado 0-0: Ball
1-0: Swinging Strike
1-1: Swinging Strike
1-2: Ground out 6-3 (Groundball, 6, EV 103.1 MPH)
Batting: RHB Joseph Kirchmann 0-0: Called Strike
0-1: Foul Ball, location: 2F
0-2: Ball
1-2: Foul Ball, location: 2F
1-2: Foul Ball, location: 2F
1-2: Ball
2-2: Foul Ball, location: 2F
2-2: Ball
3-2: Foul Ball, location: 2F
3-2: DOUBLE (Line Drive, 8RXD, EV 100.6 MPH)
Batting: RHB Steve Castleberry 0-0: Called Strike
0-1: Called Strike
Joseph Kirchmann is caught stealing 3rd base 2-5
0-2: Foul Ball, location: 2F
0-2: Foul Ball, location: 2F
0-2: Ball
1-2: Ball
2-2: Strikes out swinging
Top of the 3rd over - 0 runs, 1 hit, 0 errors, 0 left on base; Cincinnati 1 - Pittsburgh 0
BOTTOM OF THE 3RD
Pittsburgh Pirates batting - Pitching for Cincinnati Reds : RHP André Gaillard
Batting: RHB Raul Mendoza 0-0: Called Strike
0-1: Ball
1-1: Swinging Strike
1-2: Strikes out swinging
Batting: RHB Chiel Palstermans 0-0: Foul Ball, location: 2F
0-1: Called Strike
0-2: Ball
1-2: Foul Ball, location: 2F
1-2: Ball
2-2: Ball
3-2: Foul Ball, location: 2F
3-2: Base on Balls
Batting: RHB David Contreras 0-0: Ball
1-0: Ball
2-0: Swinging Strike
2-1: Called Strike
2-2: Foul Ball, location: 2F
2-2: Strikes out swinging
Batting: RHB Jorge Severiano 0-0: Called Strike
Chiel Palstermans is caught stealing 2nd base 2-4
Bottom of the 3rd over - 0 runs, 0 hits, 0 errors, 0 left on base; Cincinnati 1 - Pittsburgh 0
TOP OF THE 4TH
Cincinnati Reds batting - Pitching for Pittsburgh Pirates : LHP Felix Bernal
Batting: LHB Chris Grunwald 0-0: Swinging Strike
0-1: Ball
1-1: Ball
2-1: Ball
3-1: SINGLE (Groundball, 34S, EV 71.9 MPH) (infield hit)
Batting: SHB Dave Barefoot 0-0: Swinging Strike
0-1: Foul Ball, location: 2F
0-2: Ball
1-2: Foul Ball, location: 2F
1-2: Strikes out swinging
Batting: RHB Omar Quintana 0-0: Ball
1-0: Foul Ball, location: 2F
1-1: Fly out, F9 (Flyball, 9S, EV 90.6 MPH)
Batting: LHB Jon Ledesma 0-0: Ball
1-0: Called Strike
1-1: Foul Ball, location: 2F
1-2: Ball
2-2: Strikes out swinging
Top of the 4th over - 0 runs, 1 hit, 0 errors, 1 left on base; Cincinnati 1 - Pittsburgh 0
BOTTOM OF THE 4TH
Pittsburgh Pirates batting - Pitching for Cincinnati Reds : RHP André Gaillard
Batting: RHB Jorge Severiano 0-0: Ball
1-0: Foul Ball, location: 2F
1-1: Called Strike
1-2: Foul Ball, location: 2F
1-2: Foul Ball, location: 2F
1-2: Fly out, F8 (Flyball, 89S, EV 92.5 MPH)
Batting: SHB Marvin McAleer 0-0: Ball
1-0: Called Strike
1-1: Ball
2-1: Ground out 4-3 (Groundball, 34, EV 106.2 MPH)
Batting: LHB Micah Boshnjaku 0-0: Ball
1-0: Called Strike
1-1: Foul Ball, location: 2F
1-2: Ground out 5-3 (Groundball, 56, EV 103.8 MPH)
Bottom of the 4th over - 0 runs, 0 hits, 0 errors, 0 left on base; Cincinnati 1 - Pittsburgh 0
TOP OF THE 5TH
Cincinnati Reds batting - Pitching for Pittsburgh Pirates : LHP Felix Bernal
Batting: LHB Antonio Figueroa 0-0: Foul Ball, location: 2F
0-1: Foul Ball, location: 2F
0-2: Ball
1-2: Ball
2-2: Hit by Pitch
Batting: RHB Takanibu Kaneshiro 0-0: Foul Ball, location: 2F
0-1: Swinging Strike
0-2: Ball
1-2: Ball
2-2: Grounds into double play, 1-4-3 (Groundball, 15S, EV 68.8 MPH)
Batting: SHB Tony Prado 0-0: Called Strike
0-1: Called Strike
0-2: Foul Ball, location: 2F
0-2: Strikes out swinging
Top of the 5th over - 0 runs, 0 hits, 0 errors, 0 left on base; Cincinnati 1 - Pittsburgh 0
BOTTOM OF THE 5TH
Pittsburgh Pirates batting - Pitching for Cincinnati Reds : RHP André Gaillard
Batting: SHB Jack Andrews 0-0: Ball
1-0: Called Strike
1-1: Ball
2-1: Ground out 4-3 (Groundball, 4, EV 86.9 MPH)
Batting: LHB Xavier Pittman 0-0: Ball
1-0: Swinging Strike
1-1: Foul Ball, location: 2F
1-2: Ball
2-2: Foul Ball, location: 2F
2-2: Foul Ball, location: 2F
2-2: Foul Ball, location: 2F
2-2: Foul Ball, location: 2F
2-2: Ground out 4-3 (Groundball, 34D, EV 81.2 MPH)
Batting: RHB Andrew Robinson 0-0: Ground out 5-3 (Groundball, 5S, EV 90.0 MPH)
Bottom of the 5th over - 0 runs, 0 hits, 0 errors, 0 left on base; Cincinnati 1 - Pittsburgh 0
TOP OF THE 6TH
Cincinnati Reds batting - Pitching for Pittsburgh Pirates : LHP Felix Bernal
Batting: RHB Joseph Kirchmann 0-0: Ball
1-0: Called Strike
1-1: Ground out 2-3 (Groundball, 2L, EV 70.0 MPH)
Batting: RHB Steve Castleberry 0-0: Called Strike
0-1: Fly out, F6 (Popup, 6M, EV 67.5 MPH)
Batting: LHB Chris Grunwald 0-0: Ball
1-0: Foul Ball, location: 2F
1-1: Fly out, F3 (Popup, 3, EV 81.2 MPH)
Top of the 6th over - 0 runs, 0 hits, 0 errors, 0 left on base; Cincinnati 1 - Pittsburgh 0
BOTTOM OF THE 6TH
Pittsburgh Pirates batting - Pitching for Cincinnati Reds : RHP André Gaillard
Batting: RHB Raul Mendoza 0-0: Called Strike
0-1: Called Strike
0-2: Foul Ball, location: 2F
0-2: Ball
1-2: Ball
2-2: Ball
3-2: Base on Balls
Batting: RHB Chiel Palstermans 0-0: Ball
1-0: Called Strike
1-1: Grounds into double play, 6-4-3 (Groundball, 6, EV 93.1 MPH)
Batting: RHB David Contreras 0-0: Swinging Strike
0-1: Foul Ball, location: 2F
0-2: Fly out, F9 (Line Drive, 9LM, EV 97.5 MPH)
Bottom of the 6th over - 0 runs, 0 hits, 0 errors, 0 left on base; Cincinnati 1 - Pittsburgh 0
TOP OF THE 7TH
Cincinnati Reds batting - Pitching for Pittsburgh Pirates : LHP Felix Bernal
Batting: SHB Dave Barefoot 0-0: Ball
1-0: Ball
2-0: Called Strike
2-1: Foul Ball, location: 2F
2-2: Ball
3-2: SOLO HOME RUN (Flyball, 8RXD, EV 111.2 MPH), Distance : 408 ft
Batting: RHB Omar Quintana 0-0: Called Strike
0-1: Ball
1-1: SINGLE (Groundball, 56D, EV 97.5 MPH)
Batting: LHB Jon Ledesma 0-0: Sac Bunt to 3S - play at first, batter safe!
Omar Quintana to second
Pitching: LHP Jimmy Vanthournoutingtonle
Batting: LHB Antonio Figueroa 0-0: Sac Bunt to 25 - play at first, batter OUT! 5-3
Omar Quintana to third
Jon Ledesma to second
Batting: RHB Takanibu Kaneshiro 0-0: Called Strike
0-1: Called Strike
0-2: Foul Ball, location: 2F
0-2: Ball
1-2: Ball
2-2: Strikes out swinging
Batting: SHB Tony Prado 0-0: Called Strike
0-1: Ball
1-1: Foul Ball, location: 2F
1-2: Foul Ball, location: 2F
1-2: Ball
2-2: Strikes out looking
Top of the 7th over - 1 run, 3 hits, 0 errors, 2 left on base; Cincinnati 2 - Pittsburgh 0
BOTTOM OF THE 7TH
Pittsburgh Pirates batting - Pitching for Cincinnati Reds : RHP André Gaillard
Batting: RHB Jorge Severiano 0-0: Foul Ball, location: 2F
0-1: Called Strike
0-2: Foul Ball, location: 2F
0-2: Ball
1-2: Strikes out swinging
Batting: SHB Marvin McAleer 0-0: Fly out, F8 (Flyball, 89S, EV 86.9 MPH)
Batting: LHB Micah Boshnjaku 0-0: Swinging Strike
0-1: Called Strike
0-2: DOUBLE (Line Drive, 7LM, EV 105.6 MPH)
Batting: SHB Jack Andrews 0-0: Ball
1-0: Ball
2-0: Ball
3-0: Called Strike
3-1: Base on Balls
Batting: LHB Xavier Pittman 0-0: Ball
1-0: Swinging Strike
1-1: Fielders Choice at 2nd, 6-4 (Groundball, 6, EV 99.4 MPH)
Bottom of the 7th over - 0 runs, 1 hit, 0 errors, 2 left on base; Cincinnati 2 - Pittsburgh 0
TOP OF THE 8TH
Cincinnati Reds batting - Pitching for Pittsburgh Pirates : LHP Jimmy Vanthournoutingtonle
Pitching: RHP Josh Markham
Batting: RHB Joseph Kirchmann 0-0: Ball
1-0: Called Strike
1-1: Swinging Strike
1-2: Ball
2-2: Foul Ball, location: 2F
2-2: Ball
3-2: Strikes out looking
Batting: RHB Steve Castleberry 0-0: Ground out 4-3 (Groundball, 4M, EV 88.1 MPH)
Batting: LHB Chris Grunwald 0-0: Ball
1-0: Fly out, F7 (Flyball, 78D, EV 96.9 MPH)
Top of the 8th over - 0 runs, 0 hits, 0 errors, 0 left on base; Cincinnati 2 - Pittsburgh 0
BOTTOM OF THE 8TH
Pittsburgh Pirates batting - Pitching for Cincinnati Reds : RHP André Gaillard
Pitching: RHP Ryan Terlizzi
Batting: RHB Andrew Robinson 0-0: Ball
1-0: Ball
2-0: Ball
3-0: Called Strike
3-1: Base on Balls
Batting: RHB Raul Mendoza 0-0: Ball
1-0: Ground out 5-3 (Groundball, 56S, EV 63.1 MPH)
Andrew Robinson to second
Batting: RHB Chiel Palstermans 0-0: Ball
1-0: Ball
2-0: Ball
3-0: Called Strike
3-1: Base on Balls
Batting: RHB David Contreras 0-0: Ball
1-0: Ball
2-0: Ball
3-0: Called Strike
3-1: Foul Ball, location: 2F
3-2: Strikes out swinging
Batting: RHB Jorge Severiano 0-0: Foul Ball, location: 2F
0-1: Ball
1-1: Swinging Strike
1-2: Ball
2-2: SINGLE (Groundball, 34D, EV 98.1 MPH)
Andrew Robinson to third
Chiel Palstermans to second
Runner from 3rd tries for Home, SAFE, throw by RF to home
Batting: SHB Marvin McAleer 0-0: Foul Ball, location: 2F
0-1: Swinging Strike
0-2: Strikes out swinging, 2-3 out at first.
Bottom of the 8th over - 1 run, 1 hit, 0 errors, 2 left on base; Cincinnati 2 - Pittsburgh 1
TOP OF THE 9TH
Cincinnati Reds batting - Pitching for Pittsburgh Pirates : RHP Josh Markham
Pitching: RHP Jeremy Kennie
Batting: SHB Dave Barefoot 0-0: SINGLE (Groundball, 34D, EV 95.0 MPH)
Batting: RHB Omar Quintana 0-0: Called Strike
0-1: Ball
1-1: Foul Ball, location: 2F
1-2: Foul Ball, location: 2F
1-2: Foul Ball, location: 2F
1-2: Strikes out swinging
Batting: LHB Jon Ledesma 0-0: Ball
Wild Pitch!
Dave Barefoot to second
1-0: Fly out, F8 (Line Drive, 8LM, EV 94.4 MPH)
Batting: LHB Antonio Figueroa 0-0: Called Strike
0-1: Ball
1-1: Ball
2-1: Ball
3-1: Base on Balls
Batting: RHB Takanibu Kaneshiro 0-0: Called Strike
0-1: Ball
1-1: Ball
2-1: Ball
3-1: Foul Ball, location: 2F
3-2: Strikes out looking
Top of the 9th over - 0 runs, 1 hit, 0 errors, 2 left on base; Cincinnati 2 - Pittsburgh 1
BOTTOM OF THE 9TH
Pittsburgh Pirates batting - Pitching for Cincinnati Reds : RHP Ryan Terlizzi
Pitching: RHP Junpei Yamazaki
Batting: LHB Micah Boshnjaku 0-0: Fly out, F5 (Popup, 6, EV 56.9 MPH)
Batting: SHB Jack Andrews 0-0: Ball
1-0: Ball
2-0: Foul Ball, location: 2F
2-1: Called Strike
2-2: Strikes out looking
Batting: LHB Xavier Pittman 0-0: Called Strike
0-1: Fly out, F8 (Flyball, 78D, EV 91.9 MPH)
Bottom of the 9th over - 0 runs, 0 hits, 0 errors, 0 left on base; Cincinnati 2 - Pittsburgh 1
Tuesday, March 28th , 2023 - OOTP Baseball 23.10 Build 110